 Dungeon Crawl Stone Soup version 0.29-a0-732-g3d7fbe0af2 (webtiles) character file.

Game seed: 7423135175478512948

5208 ReploidZero the Fighter (level 10, -20/102 (107) HPs)
             Began as an Ogre Fire Elementalist on June 29, 2022.
             Was a Priest of Ru.
             Demolished by a gargoyle
             ... wielding a +0 mace
              (21 damage)
             ... on level 8 of the Dungeon.
             The game lasted 00:30:35 (12285 turns).

ReploidZero the Fighter (Ogre Fire Elementalist)   Turns: 12285, Time: 00:30:37

HP:   -20/102 (107) AC: 12    Str: 14    XL:     10   Next: 60%
MP:   22/22         EV:  9    Int: 20    God:    Ru [***...]
Gold: 199           SH:  0    Dex:  9    Spells: 16/26 levels left

rFire   + . .      SeeInvis .   e - +3 whip (venom)
rCold   . . .      Faith    .   (no shield)
rNeg    . . .      Spirit   .   y - +0 acid dragon scales
rPois   +          Reflect  .   (helmet restricted)
rElec   +          Harm     .   r - +0 cloak
rCorr   +          Rampage  .   (gloves unavailable)
Will    +....                   (boots unavailable)
Stlth   +.........              (no amulet)
HPRegen 0.27/turn               f - +4 ring of protection
MPRegen 0.18/turn               i - ring of protection from fire

@: resistant, attractive, slowed, lightly drained, very slow
A: large, unfitting armour, tough skin 1, hated by all, temperature sensitive
a: Renounce Religion, Draw Out Power


You were on level 8 of the Dungeon.
You worshipped Ru.
Ru was most pleased with you.
You visited 1 branch of the dungeon, and saw 8 of its levels.

You collected 457 gold pieces.
You spent 258 gold pieces at shops.

Inventory:

Hand Weapons
 e - a +3 whip of venom (weapon)
Armour
 a - a +0 robe
 r - a +0 cloak (worn)
 y - +0 acid dragon scales (worn)
Magical Staves
 m - a staff of cold
Jewellery
 f - a +4 ring of protection (left hand)
 g - an amulet of guardian spirit
 i - a ring of protection from fire (right hand)
 j - a ring of magical power
 n - a ring of positive energy
Scrolls
 b - a scroll of magic mapping
 c - 5 scrolls of identify
 l - 2 scrolls of noise
Potions
 d - 2 potions of brilliance
 h - 2 potions of curing
 k - 3 potions of ambrosia
 p - a potion of might
 q - 2 potions of berserk rage
 u - 2 potions of flight
 v - a potion of haste {unknown}
 w - a potion of cancellation
 x - a potion of degeneration {unknown}


   Skills:
 - Level 9.1 Fighting
 - Level 1.7 Dodging
 - Level 1.4 Stealth
 + Level 8.7 Spellcasting
 + Level 7.0 Conjurations
 + Level 7.6 Fire Magic
 + Level 2.7 Evocations


You had 16 spell levels left.
You knew the following spells:

 Your Spells              Type           Power      Damage    Failure   Level
a - Foxfire               Conj/Fire      100%       2x1d9     1%          1
b - Scorch                Fire           78%        2d8       1%          2
c - Conjure Flame         Conj/Fire      38%        6-21      1%          3
d - Flame Wave            Conj/Fire      38%        2d9       5%          4

Your spell library contained the following spells:

 Spells                   Type           Power      Damage    Failure   Level
 Inner Flame              Hex/Fire       23%        N/A       8%          3
 Sting                    Tmut/Pois      32%        1d4       12%         1
 Poisonous Vapours        Pois/Air       16%        N/A       17%         2
 Olgreb's Toxic Radiance  Pois           8%         N/A       75%         4


Dungeon Overview and Level Annotations

Branches:
Dungeon (8/15)             Temple (0/1) D:4            Lair (0/6) D:8

Altars:
Dithmenos
Ru
Wu Jian

Shops:
D:3 (   D:6 *


Innate Abilities, Weirdness & Mutations

You are too large for most types of armour.
You have tough skin. (AC +1)
You are hated by all.
You are sensitive to extremes of temperature. (rF-, rC-)


Message History

Press: ? - help, Shift-Dir - straight line, f/p - four-headed hydra
Aim: a four-headed hydra (lightly wounded, chance to affect: 22%)
The four-headed hydra suddenly stops moving!
The now-empty wand crumbles to dust.
The wraith hits you!
* * * LOW HITPOINT WARNING * * *
The wraith drains your vigour!
You feel as though you will be slow longer.
You redirect the gargoyle's attack!
The wraith hits you but does no damage.
Okay, then.
You feel better. The wraith closely misses you. The wraith hits you.
* * * LOW HITPOINT WARNING * * *
The wraith hits you.
* * * LOW HITPOINT WARNING * * *
The wraith drains your vigour!
You feel as though you will be slow longer.
You focus your inner power and illuminate the wraith in retribution!
Okay, then.
It was a potion of resistance.
You feel protected. The wraith hits you!
* * * LOW HITPOINT WARNING * * *
The wraith drains your vigour!
You feel as though you will be slow longer.
You feel better. The wraith hits you!
* * * LOW HITPOINT WARNING * * *
The wraith drains your vigour!
You feel as though you will be slow longer.
The wraith closely misses you.
You feel less exhausted. The wraith barely misses you.
It was a potion of attraction.
You feel attractive to monsters. The wraith hits you.
* * * LOW HITPOINT WARNING * * *
The wraith drains your vigour!
You feel as though you will be slow longer.
The gargoyle hits you with a +0 mace!!
You die...

.### ##.#.####....#.##.)....#
...#####.###...#.#..##......#
#...)#####....#.#.#.##......####
..#...[##.##...#.#..##.))......##
#...#....#####....#.##.)........#
..#....###..####....##.).........
#....####.#.#.####..##...).......
...####♣.#..#..9####.#...........
.####♣...#9##.#W@.##.#....).....#
###♣....♣#.#.9###...##.....#...##
#♣.D..P..#W#.##...####.#########
.....♣..♣#.#D.#.### #.#
#♣....P..#....### #.#
###♣....♣#..### #.# ..###♣...####
#.# #...###♣K# #.##
......###...###= #..#


You could see a wraith (corona) and a gargoyle.

Vanquished Creatures
  A centaur warrior (D:8)
  A manticore (D:8)
  Prince Ribbit (D:8)
  A hornet (D:8)
  A yak (D:8)
  2 steam dragons
  A water moccasin (D:8)
  Duvessa (D:7)
  2 acid dragons (D:8)
  An orc warrior (D:8)
  An ice beast (D:6)
  3 black bears
  2 ogres
  3 centaurs (D:8)
  A phantom (D:4)
  A kobold brigand (D:8)
  2 gnoll sergeants (D:8)
  2 bullfrogs
  A necrophage (D:3)
  2 scorpions
  9 wights
  Dowan (D:7)
  2 hounds
  A gnoll shaman (D:8)
  3 iguanas
  4 orc wizards
  7 adders
  4 gnolls (D:8)
  A shadow imp (D:8)
  2 white imps
  An ufetubus (D:4)
  12 orcs
  9 ball pythons
  6 bats
  5 endoplasms
  4 giant cockroaches
  6 goblins
  8 hobgoblins
  6 jackals
  6 quokkas
  2 frilled lizards
  10 kobolds
  11 rats
150 creatures vanquished.

Vanquished Creatures (others)
  A two-headed ogre (D:8)
  A necrophage (D:7)
  A wight (D:6)
  133 foxfires
  6 fungi (D:8)
  10 plants (D:8)
152 creatures vanquished.

Grand Total: 302 creatures vanquished

Notes
Turn   | Place    | Note
-------+----------+-------------------------------------------
     0 | D:1      | ReploidZero the Ogre Fire Elementalist began the quest for
                  | the Orb.
     0 | D:1      | Reached XP level 1. HP: 16/16 MP: 3/3
   179 | D:1      | Reached skill level 1 in Conjurations
   452 | D:1      | Reached XP level 2. HP: 12/24 MP: 0/5
  1271 | D:1      | Reached XP level 3. HP: 28/31 MP: 7/7
  1419 | D:1      | Learned a level 2 spell: Scorch
  1423 | D:1      | Learned a level 3 spell: Conjure Flame
  2726 | D:2      | Reached skill level 1 in Fighting
  2726 | D:2      | Reached XP level 4. HP: 32/41 MP: 8/8
  3294 | D:3      | Noticed a necrophage
  3301 | D:3      | Killed a necrophage
  3302 | D:3      | Reached skill level 2 in Fighting
  3302 | D:3      | Reached XP level 5. HP: 46/49 MP: 1/10
  3377 | D:3      | Found an ornate altar of the Wu Jian Council.
  3586 | D:3      | Found a faded altar of an unknown god.
  3587 | D:3      | Noticed an eye of devastation
  3589 | D:3      | Noticed a golden eye
  3589 | D:3      | Noticed a floating eye
  3589 | D:3      | Noticed an eye of devastation
  3740 | D:3      | Found a sacrificial altar of Ru.
  3740 | D:3      | Found a shadowy altar of Dithmenos.
  3846 | D:3      | Found Veataboo's Weapon Shop.
  3871 | D:3      | Became a worshipper of Ru the Awakened
  4635 | D:4      | Found a staircase to the Ecumenical Temple.
  4712 | D:4      | Noticed a phantom
  4713 | D:4      | Reached skill level 3 in Fighting
  4713 | D:4      | Reached XP level 6. HP: 61/61 MP: 12/12
  5361 | D:5      | Entered Level 5 of the Dungeon
  5644 | D:5      | Reached skill level 4 in Fighting
  5644 | D:5      | Reached XP level 7. HP: 70/70 MP: 13/13
  6059 | D:6      | Reached skill level 5 in Spellcasting
  6249 | D:6      | Gained mutation: You are sensitive to extremes of
                  | temperature. (rF-, rC-) [Ru sacrifice]
  6249 | D:6      | Reached * piety under Ru
  6249 | D:6      | Reached ** piety under Ru
  6291 | D:6      | Reached skill level 5 in Fighting
  6379 | D:6      | Reached XP level 8. HP: 23/80 MP: 16/16
  6692 | D:6      | Reached skill level 5 in Fire Magic
  6750 | D:6      | Found Kiacu's Assorted Antiques.
  6753 | D:6      | Bought a scroll of identify for 40 gold pieces
  6753 | D:6      | Bought a potion of curing for 60 gold pieces
  6753 | D:6      | Bought a scroll labelled CYORESCH GOLYU for 20 gold pieces
  6753 | D:6      | Bought a potion of heal wounds for 100 gold pieces
  6753 | D:6      | Bought a lumpy black potion for 18 gold pieces
  6753 | D:6      | Bought a scroll labelled LODATAB KEISTRU for 20 gold pieces
  6985 | D:6      | Learned a level 4 spell: Flame Wave
  7118 | D:7      | Reached skill level 6 in Fighting
  7216 | D:7      | HP: 2/78 [wight/+2 short sword of freezing (3)]
  7465 | D:7      | Reached skill level 5 in Conjurations
  7465 | D:7      | Reached XP level 9. HP: 17/92 MP: 18/18
  7841 | D:7      | Noticed Duvessa
  7841 | D:7      | Noticed Dowan
  8227 | D:7      | Killed Duvessa
  8228 | D:7      | Reached skill level 7 in Fighting
  8230 | D:7      | Killed Dowan
  8928 | D:8      | Noticed Prince Ribbit
  8934 | D:8      | Killed Prince Ribbit
  9314 | D:8      | Found a staircase to the Lair.
  9385 | D:8      | Noticed a two-headed ogre
  9407 | D:8      | Killed a two-headed ogre
  9408 | D:8      | Reached skill level 8 in Fighting
  9632 | D:8      | Noticed a hornet
 10275 | D:8      | Reached XP level 10. HP: 61/106 MP: 4/21
 10618 | D:8      | Reached skill level 1 in Evocations
 11157 | D:8      | Reached skill level 9 in Fighting
 11523 | D:8      | Gained mutation: You are hated by all. [Ru sacrifice]
 11523 | D:8      | Reached *** piety under Ru
 11724 | D:8      | Noticed a centaur warrior
 11724 | D:8      | Noticed a manticore
 11792 | D:8      | Killed a centaur warrior
 12174 | D:8      | Killed a manticore
 12255 | D:8      | Noticed a gargoyle
 12256 | D:8      | Noticed a four-headed hydra
 12281 | D:8      | HP: 4/102 [wraith (9)]
 12285 | D:8      | HP: 1/102 [wraith (5)]
 12285 | D:8      | Demolished by a gargoyle

Illustrated notes

Levels and vault maps discovered:
D:1:      dpeg_arrival_fog, layout_basic, serial_bayou, serial_bayou_shore_b,
          serial_bayou_shore_b, serial_bayou_pond_b, serial_bayou_pond_d,
          serial_bayou_crossing
D:2:      minmay_recursive_quarters, layout_basic, kennysheep_generic_room_15
D:3:      layout_basic, lemuel_doored_altar, gammafunk_temple_overflow_wave,
          serial_shops, nicolae_shop_bloodbath_and_beyond,
          hellmonk_ecumenical_altar_watching_god, minivault_23,
          nrook_mini_backslash, minmay_hedge_maze
D:4:      layout_loops_ring, minmay_temple_entry_antechambers,
          columned_hall_lemuel
D:5:      layout_basic
D:6:      layout_rooms, serial_shops, kennysheep_mini_moat
D:7:      layout_gridville, uniq_duvessa
D:8:      minmay_the_grid_triangle_9x9_rhombus_full
          [minmay_the_grid_triangle_9x9_thin_v,
          minmay_the_grid_triangle_9x9_limited_checkers,
          minmay_the_grid_triangle_9x9_from_above,
          minmay_the_grid_triangle_9x9_minimal,
          minmay_the_grid_triangle_9x9_negative_grid,
          minmay_the_grid_triangle_9x9_shrine,
          minmay_the_grid_triangle_9x9_corrupted_corridor,
          minmay_the_grid_triangle_9x9_prize_top_heavy], layout_rooms,
          dpeg_oklobed_lair, uniq_prince_ribbit1

Skill      XL: |  1  2  3  4  5  6  7  8  9 10 |
---------------+-------------------------------+-----
Conjurations   | 1 2 3 4 5 6 7 |  7.0
Fire Magic     | 3 4 5 6 7 |  7.6
Spellcasting   | 3 4 5 6 7 8 |  8.7
Fighting       | 1 2 3 4 5 6 8 9 |  9.1
Evocations     | 2 |  2.7
Dodging        | |  1.7
Stealth        | |  1.4

Action                   |  1- 3 |  4- 6 |  7- 9 | 10-12 || total
-------------------------+-------+-------+-------+-------++-------
Melee: Unarmed           |    28 |       |       |       ||    28
       Whip              |    99 |    96 |    80 |    37 ||   312
       Punch             |     1 |     2 |     2 |       ||     5
 Cast: Foxfire           |    21 |     5 |    57 |     2 ||    85
       Scorch            |       |    18 |    68 |    23 ||   109
       Flame Wave        |       |       |     2 |     4 ||     6
       Conjure Flame     |       |       |     2 |       ||     2
Invok: Sacrifice Resista |       |       |     1 |       ||     1
       Draw Out Power    |       |       |       |     2 ||     2
       Sacrifice Love    |       |       |       |     1 ||     1
Evoke: Wand              |       |       |     4 |     4 ||     8
  Use: Scroll            |     2 |     9 |     6 |     1 ||    18
       Potion            |       |       |     5 |     4 ||     9
 Stab: Sleeping          |     1 |     2 |       |       ||     3
Armor: Robe              |    83 |    52 |    58 |     1 ||   194
       Acid dragon scale |       |       |       |    49 ||    49
Dodge: Dodged            |   116 |    46 |    77 |    54 ||   293

Table legend: (Time is in decaauts)
 A = Elapsed time spent in this place.
 B = Non-inter-level travel time spent in this place.
 C = Inter-level travel time spent in this place.
 D = Time resting spent in this place.
 E = Time spent auto-exploring this place.
 F = Levels seen in this place.
 G = Mean time per level.
                   A        B        C        D        E       F      G
               +--------+--------+--------+--------+--------+-----+--------+
         Total |  12341 |  12054 |    287 |      0 |  10541 |   8 | 1542.6 |
       Dungeon |  12341 |  12054 |    287 |      0 |  10541 |   8 | 1542.6 |
               +--------+--------+--------+--------+--------+-----+--------+

Top non-repeatable levels by time:
     D:8: 2804 daAuts
     D:7: 2073 daAuts
     D:1: 1932 daAuts
     D:6: 1383 daAuts
     D:2: 1289 daAuts
     D:4: 1171 daAuts
     D:3: 996 daAuts
     D:5: 689 daAuts
